AoeStats
← Ilum | Gordin Hood

Arabia

506270427Analyzed
1v1 RM · 20d ago on Sep 13, 2026· 29m 5s· 2 players
Game mode
Random Map
Map size
Tiny (2 player)
Population
200
Speed
Normal
Resources
Standard
Victory
Conquest
Starting age
Dark Age
Ending age
Imperial Age
RankedLock teamsTeams togetherTeam positionsShared explorationLock speedFull tech treeHidden civsTurbo modeCheats
Victory
Defeat
🇦🇷 Mapuche · Argentina
2303
+11
🇨🇳 Mongols · China
2190
-11
xingxing
6:17 Loom
8:26 Feudal Age
9:23 Double-Bit Axe
11:54 Horse Collar
18:55 Castle Age
17:28 Fletching
19:35 Bodkin Arrow
19:01 Elite Skirmisher
20:08 Elite Skirmisher
21:38 Padded Archer Armor
21:34 Elite Skirmisher
Ilum | Gordin Hood
8:07 Loom
10:38 Feudal Age
14:20 Castle Age
13:45 Double-Bit Axe
14:37 Fletching
25:38 Bodkin Arrow
Connection lost

Rejoining the realm…

Still unreachable

The connection could not be restored.

Session expired

The server has moved on; the page needs a fresh start.